 Dungeon Crawl Stone Soup version 0.31.0-32-g396128a36d (webtiles) character file.

Game seed: 3610591676860600836

47 Minebeasties the Shield-Bearer (level 3, -2/36 HPs)
             Began as a Troll Fighter on Apr 22, 2024.
             Slain by an air elemental (4 damage)
             ... created by the adversity of Qazlal
             ... while petrified by a basilisk
             ... on level 2 of the Dungeon.
             The game lasted 00:03:52 (1049 turns).

Minebeasties the Shield-Bearer (Troll Fighter)      Turns: 1049, Time: 00:03:53

Health: -2/36      AC:  4    Str: 24    XL:     3   Next: 48%
Magic:  2/2        EV:  1    Int:  4    God:
Gold:   100        SH:  0    Dex: 11    Spells: 2/2 levels left

rFire   . .          .
                       - Unarmed
rCold   . . .        b - +0 kite shield
rNeg    + + +        a - +0 robe
rPois   ∞            (helmet restricted)
rElec   .            (no cloak)
rCorr   .            (gloves unavailable)
SInv    .            (boots unavailable)
Will    .....        (no amulet)
Stlth   +            (no ring)
HPRegen 1.06/turn    (no ring)
MPRegen 0.08/turn

%: no passive effects
@: petrified
A: large, unfitting armour, claws 3, regeneration 1, shaggy fur 1, tough skin 1
a: no special abilities


You were on level 2 of the Dungeon.
You visited 1 branch of the dungeon, and saw 2 of its levels.

You collected 100 gold pieces.

Inventory:

Armour
 a - a +0 robe (worn)
 b - a +0 kite shield (worn)
Jewellery
 g - a ring of ice
 k - an amulet of faith
Scrolls
 d - a scroll of immolation {unknown}
 e - a scroll of enchant weapon {unknown}
 f - a scroll of silence {unknown}
 i - a scroll of identify {unknown}
 n - a scroll of enchant armour {unknown}
Potions
 c - a potion of might
 h - a potion of haste {unknown}
 j - 2 potions of curing {unknown}
 l - a potion of heal wounds {unknown}
 m - a potion of enlightenment {unknown}


   Skills:
 + Level 2.7 Fighting
 + Level 2.7 Dodging
 + Level 3.1 Shields
 * Level 2.8 Unarmed Combat


You had 2 spell levels left.
You didn't know any spells.
Your spell library was empty.

Dungeon Overview and Level Annotations

Branches:
Dungeon (2/15)

Altars:
Qazlal


Innate Abilities, Weirdness & Mutations

You are too large for most types of armour.
You have claws for hands.
Your natural rate of healing is unusually fast.
You are covered in fur. (AC +1)
You have tough skin. (AC +1)


Message History

The icy flash freeze hits you!
You are encased in ice.
You claw the rime drake!
The rime drake is severely wounded.
The rime drake bites you. x2
You claw the rime drake!
The rime drake is almost dead.
You block the rime drake's attack.
You claw the rime drake!
You kill the rime drake!
That felt strangely unrewarding.
The ice encasing you melts away.
HP restored.
You now have 100 gold pieces (gained 3).
Qazlal incites the elements against you!
A basilisk and an air elemental come into view.
You barely miss the air elemental. You barely miss the air elemental.
You block the air elemental's attack. The air elemental hits you!
The basilisk gazes at you.
You are slowing down.
You miss the air elemental. The air elemental barely misses you.
The air elemental closely misses you. The air elemental barely misses you.
You block the air elemental's attack.
Your limbs are stiffening.
You claw the air elemental!
The air elemental is heavily damaged.
The air elemental hits you! The air elemental hits you. x2
The basilisk hisses menacingly.
You block the basilisk's attack. The air elemental hits you.
You block the basilisk's attack.
You have turned to stone.
The air elemental hits you. x2; The basilisk bites you!
The air elemental hits you. The air elemental hits you!
* * * LOW HITPOINT WARNING * * *
The air elemental hits you!
* * * LOW HITPOINT WARNING * * *
The basilisk bites you.
* * * LOW HITPOINT WARNING * * *
The air elemental hits you!
You die...

####♣ ####...♣
#......♣
#########.##.##♣
#...E@l...##.#
#.##########.#
#.# #.#########
#...(......
#..######## #..#
#######.^#
#........#


You could see a basilisk and an air elemental.

Vanquished Creatures
  A rime drake (D:2)
  An adder (D:2)
  A dart slug (D:2)
  3 endoplasms
  3 giant cockroaches
  3 goblins
  3 hobgoblins
  3 jackals (D:1)
  3 quokkas (D:1)
  2 ball pythons (D:1)
  4 bats
  2 frilled lizards
  3 kobolds (D:1)
  2 rats (D:1)
34 creatures vanquished.

Notes
Turn   | Place    | Note
-------+----------+-------------------------------------------
     0 | D:1      | Minebeasties the Troll Fighter began the quest for the Orb.
     0 | D:1      | Reached XP level 1. HP: 22/22 MP: 0/0
   177 | D:1      | Reached XP level 2. HP: 29/29 MP: 1/1
   521 | D:1      | Found a faded altar of an unknown god.
   571 | D:1      | Prayed at the altar of an unknown god.
   571 | D:1      | Became a worshipper of Qazlal Stormbringer
   571 | D:1      | Reached * piety under Qazlal
   572 | D:1      | Fell from the grace of Qazlal
   659 | D:1      | Reached skill level 3 in Shields
   771 | D:2      | Reached XP level 3. HP: 36/36 MP: 2/2
  1006 | D:2      | Noticed a rime drake
  1011 | D:2      | Killed a rime drake
  1043 | D:2      | Noticed a basilisk
  1043 | D:2      | Noticed an air elemental
  1048 | D:2      | HP: 1/36 [basilisk[the adversity of Qazlal] (1)]
  1049 | D:2      | Slain by an air elemental

Illustrated notes

Levels and vault maps discovered:
D:1:      spicycebolla_green_bress_n_ham, layout_loops_ring,
          chequers_ecumenical_altar_simple
D:2:      layout_loops_ring, serial_forest, infiniplex_forest_lined_room_3,
          infiniplex_forest_end_1, infiniplex_forest_end_double,
          infiniplex_forest_clump_curved, infiniplex_forest_end_1,
          infiniplex_forest_corner_1

Skill      XL: |  1  2 |
---------------+-------+-----
Shields        | 3 |  3.1
Fighting       | |  2.7
Dodging        | |  2.7
Unarmed Combat | |  2.8

Action                     || total
---------------------------++-------
  Melee: Unarmed           ||    72
 Invoke: Renounce Religion ||     1
   Stab: Sleeping          ||     1
 Armour: Robe              ||    37
  Dodge: Dodged            ||    17
  Block: Kite shield       ||    31
